MID
QUAD CITIES RIVER BANDITS @ LANSING LUGNUTS
08/10/2048
 
TOP OF THE 1ST
Quad Cities River Bandits batting - Pitching for Lansing Lugnuts : RHP Danny Walker
Pitching: RHP Danny Walker
Batting: LHB Glenn Lowther 0-0: SINGLE (Line Drive, 9S, EV 93.8 MPH)
Batting: RHB Ben Sutton 0-0: Called Strike
0-1: Ball
1-1: Called Strike
1-2: Ball
2-2: Fielders Choice at 2nd, 6-4 (Groundball, 6D, EV 105.6 MPH)
Batting: RHB Andrew Pride 0-0: TRIPLE (Line Drive, 9LD, EV 103.8 MPH)
Ben Sutton scores
Batting: RHB Erik Smith 0-0: Ball
1-0: Ball
2-0: Foul Ball, location: 2F
2-1: Called Strike
2-2: Foul Ball, location: 2F
2-2: Strikes out swinging
Batting: LHB Kelvin Jones 0-0: Foul Ball, location: 2F
0-1: Ball
1-1: Swinging Strike
1-2: Strikes out swinging
Top of the 1st over - 1 run, 2 hits, 0 errors, 1 left on base; Quad Cities 1 - Lansing 0
BOTTOM OF THE 1ST
Lansing Lugnuts batting - Pitching for Quad Cities River Bandits : RHP Muckle Wildriver
Pitching: RHP Muckle Wildriver
Batting: RHB Luis Gomez 0-0: Ball
1-0: Ball
2-0: Fly out, F8 (Flyball, 89M, EV 86.9 MPH)
Batting: LHB Frank Nelson 0-0: Called Strike
0-1: Swinging Strike
0-2: Strikes out swinging
Batting: RHB John Michener 0-0: Called Strike
0-1: Fly out, F7 (Line Drive, 7D, EV 93.8 MPH)
Bottom of the 1st over - 0 runs, 0 hits, 0 errors, 0 left on base; Quad Cities 1 - Lansing 0
TOP OF THE 2ND
Quad Cities River Bandits batting - Pitching for Lansing Lugnuts : RHP Danny Walker
Batting: RHB Sean Mounts 0-0: Ball
1-0: Ball
2-0: DOUBLE (Groundball, 5L, EV 103.8 MPH)
Batting: RHB Tim Persson 0-0: Called Strike
0-1: Swinging Strike
0-2: Foul Ball, location: 2F
0-2: Foul Ball, location: 2F
0-2: Ball
1-2: Ground out 5-3 (Groundball, 56S, EV 81.2 MPH)
Batting: LHB Fernando Gomez 0-0: Called Strike
0-1: Ball
1-1: Foul Ball, location: 2F
1-2: Ball
2-2: SINGLE (Groundball, 3D, EV 104.4 MPH)
Sean Mounts to third
Runner from 3rd tries for Home, SAFE, throw by RF to home
Fernando Gomez to second
Batting: RHB Reginald McDougall 0-0: Foul Ball, location: 2F
0-1: SINGLE (Line Drive, 89M, EV 93.1 MPH)
Fernando Gomez to third
Batting: LHB Glenn Lowther 0-0: Called Strike
Reginald McDougall steals 2nd base
0-1: Ball
1-1: Ball
2-1: Called Strike
2-2: Ball
3-2: Ground out U3 (Groundball, 3, EV 105.0 MPH)
Batting: RHB Ben Sutton 0-0: Ball
1-0: Ball
2-0: Ball
3-0: Called Strike
3-1: Called Strike
3-2: Strikes out swinging
Top of the 2nd over - 1 run, 3 hits, 0 errors, 2 left on base; Quad Cities 2 - Lansing 0
BOTTOM OF THE 2ND
Lansing Lugnuts batting - Pitching for Quad Cities River Bandits : RHP Muckle Wildriver
Batting: SHB Gregg Whitecotton 0-0: Ball
1-0: Ball
2-0: Ball
3-0: Called Strike
3-1: Hit by Pitch
Batting: RHB John Hering 0-0: Called Strike
Gregg Whitecotton is caught stealing 2nd base 2-4
0-1: Foul Ball, location: 2F
0-2: Ball
1-2: Hit by Pitch
Batting: RHB Jamie Ogilvie 0-0: Ball
1-0: Swinging Strike
1-1: Called Strike
1-2: Ball
2-2: Foul Ball, location: 2F
2-2: Ball
3-2: Base on Balls
John Hering to second
Batting: LHB Roger Escareno 0-0: Foul Ball, location: 2F
0-1: Foul Ball, location: 2F
0-2: SINGLE (Groundball, 5S, EV 77.5 MPH) (infield hit)
John Hering to third
Jamie Ogilvie to second
Batting: RHB Shunsuke Shiba Inu 0-0: Foul Ball, location: 2F
0-1: SINGLE (Groundball, 56S, EV 78.1 MPH) (infield hit)
John Hering scores
Jamie Ogilvie to third
Roger Escareno to second
Batting: LHB Julio Canseco 0-0: Ball
1-0: Fly out, F7 (Flyball, 7D, EV 100.0 MPH)
Runner from 3rd tags up, OUT at HOME! 7-2
Bottom of the 2nd over - 1 run, 2 hits, 0 errors, 2 left on base; Quad Cities 2 - Lansing 1
TOP OF THE 3RD
Quad Cities River Bandits batting - Pitching for Lansing Lugnuts : RHP Danny Walker
Batting: RHB Andrew Pride 0-0: Foul Ball, location: 2F
0-1: Ball
1-1: Ground out 6-3 (Groundball, 6S, EV 83.8 MPH)
Batting: RHB Erik Smith 0-0: Ball
1-0: Fly out, F8 (Flyball, 8LM, EV 89.4 MPH)
Batting: LHB Kelvin Jones 0-0: Foul Ball, location: 2F
0-1: Ball
1-1: Foul Ball, location: 2F
1-2: Foul Ball, location: 2F
1-2: Strikes out swinging
Top of the 3rd over - 0 runs, 0 hits, 0 errors, 0 left on base; Quad Cities 2 - Lansing 1
BOTTOM OF THE 3RD
Lansing Lugnuts batting - Pitching for Quad Cities River Bandits : RHP Muckle Wildriver
Batting: RHB Luis Gomez 0-0: Ball
1-0: Ground out 5-3 (Groundball, 56, EV 105.0 MPH)
Batting: LHB Frank Nelson 0-0: Ball
1-0: Ball
2-0: Ball
3-0: Base on Balls
Batting: RHB John Michener 0-0: Called Strike
Frank Nelson is caught stealing 2nd base 2-4
0-1: Called Strike
0-2: Foul Ball, location: 2F
0-2: Foul Ball, location: 2F
0-2: Fly out, F8 (Flyball, 8LD, EV 108.1 MPH)
Bottom of the 3rd over - 0 runs, 0 hits, 0 errors, 0 left on base; Quad Cities 2 - Lansing 1
TOP OF THE 4TH
Quad Cities River Bandits batting - Pitching for Lansing Lugnuts : RHP Danny Walker
Batting: RHB Sean Mounts 0-0: Called Strike
0-1: Ball
1-1: Ground out U3 (Groundball, 13, EV 89.4 MPH)
Batting: RHB Tim Persson 0-0: Fly out, F7 (Line Drive, 7, EV 90.6 MPH)
Batting: LHB Fernando Gomez 0-0: Called Strike
0-1: Foul Ball, location: 2F
0-2: Strikes out swinging
Top of the 4th over - 0 runs, 0 hits, 0 errors, 0 left on base; Quad Cities 2 - Lansing 1
BOTTOM OF THE 4TH
Lansing Lugnuts batting - Pitching for Quad Cities River Bandits : RHP Muckle Wildriver
Batting: SHB Gregg Whitecotton 0-0: Foul Ball, location: 2F
0-1: Called Strike
0-2: Foul Ball, location: 2F
0-2: Ball
1-2: Ball
2-2: Ball
3-2: Base on Balls
Batting: RHB John Hering 0-0: Ball
1-0: Grounds into double play, 6-4-3 (Groundball, 6, EV 83.8 MPH)
Batting: RHB Jamie Ogilvie 0-0: Called Strike
0-1: Foul Ball, location: 2F
0-2: Ball
1-2: Foul Ball, location: 2F
1-2: Foul Ball, location: 2F
1-2: Strikes out swinging
Bottom of the 4th over - 0 runs, 0 hits, 0 errors, 0 left on base; Quad Cities 2 - Lansing 1
TOP OF THE 5TH
Quad Cities River Bandits batting - Pitching for Lansing Lugnuts : RHP Danny Walker
Batting: RHB Reginald McDougall 0-0: Ball
1-0: Foul Ball, location: 2F
1-1: Swinging Strike
1-2: Strikes out swinging
Batting: LHB Glenn Lowther 0-0: Ground out 5-3 (Groundball, 56S, EV 81.2 MPH)
Batting: RHB Ben Sutton 0-0: Ball
1-0: Ground out 5-3 (Groundball, 5L, EV 105.0 MPH)
Top of the 5th over - 0 runs, 0 hits, 0 errors, 0 left on base; Quad Cities 2 - Lansing 1
BOTTOM OF THE 5TH
Lansing Lugnuts batting - Pitching for Quad Cities River Bandits : RHP Muckle Wildriver
Batting: LHB Roger Escareno 0-0: Called Strike
0-1: Ball
1-1: SINGLE (Line Drive, 34, EV 95.0 MPH)
Batting: RHB Shunsuke Shiba Inu 0-0: Ball
1-0: Ball
2-0: Fly out, F9 (Flyball, 9LM, EV 88.1 MPH)
Batting: LHB Julio Canseco 0-0: Ball
Roger Escareno steals 2nd base
1-0: Ground out 6-3 (Groundball, 6, EV 81.9 MPH)
Batting: RHB Luis Gomez 0-0: Foul Ball, location: 2F
0-1: Ball
1-1: Foul Ball, location: 2F
1-2: Foul Ball, location: 2F
1-2: Foul Ball, location: 2F
1-2: Hit by Pitch
Batting: LHB Frank Nelson 0-0: SINGLE (Line Drive, 4D, EV 96.9 MPH)
Roger Escareno to third
Luis Gomez to second
Runner from 3rd tries for Home, SAFE, throw by RF to home
Batting: RHB John Michener 0-0: Ball
Wild Pitch!
Luis Gomez to third
Frank Nelson to second
1-0: Swinging Strike
1-1: Ball
2-1: Ball
3-1: Foul Ball, location: 2F
3-2: Base on Balls
Batting: SHB Gregg Whitecotton 0-0: Foul Ball, location: 2F
0-1: Ball
1-1: Swinging Strike
1-2: Foul Ball, location: 2F
1-2: Strikes out swinging
Bottom of the 5th over - 1 run, 2 hits, 0 errors, 3 left on base; Quad Cities 2 - Lansing 2
TOP OF THE 6TH
Quad Cities River Bandits batting - Pitching for Lansing Lugnuts : RHP Danny Walker
Now at 3B: Jamie Ogilvie
Now at SS: Dylan Phillips
Batting: RHB Andrew Pride 0-0: Ground out 6-3 (Groundball, 6, EV 86.2 MPH)
Batting: RHB Erik Smith 0-0: Called Strike
0-1: Swinging Strike
0-2: Foul Ball, location: 2F
0-2: Ball
1-2: Ball
2-2: Foul Ball, location: 2F
2-2: Ball
3-2: Strikes out swinging
Batting: LHB Kelvin Jones 0-0: Ball
1-0: Called Strike
1-1: Swinging Strike
1-2: Foul Ball, location: 2F
1-2: Foul Ball, location: 2F
1-2: Ball
2-2: Strikes out swinging
Top of the 6th over - 0 runs, 0 hits, 0 errors, 0 left on base; Quad Cities 2 - Lansing 2
BOTTOM OF THE 6TH
Lansing Lugnuts batting - Pitching for Quad Cities River Bandits : RHP Muckle Wildriver
Batting: RHB John Hering 0-0: Foul Ball, location: 2F
0-1: Foul Ball, location: 2F
0-2: Ball
1-2: Ball
2-2: Ball
3-2: Base on Balls
Batting: RHB Jamie Ogilvie 0-0: Called Strike
John Hering steals 2nd base (no throw)
0-1: Ball
1-1: Swinging Strike
1-2: Ball
2-2: Foul Ball, location: 2F
2-2: Foul Ball, location: 2F
2-2: Ball
3-2: Ground out 5-3 (Groundball, 56S, EV 87.5 MPH)
Pitching: RHP Gabe Torres
Batting: RHB Dylan Phillips 0-0: Ball
1-0: Called Strike
John Hering steals 3rd base
1-1: Swinging Strike
1-2: Ball
2-2: Ground out 3-1 (Groundball, 34S, EV 90.6 MPH)
Batting: RHB Shunsuke Shiba Inu 0-0: Ball
1-0: Ball
2-0: Ball
3-0: Base on Balls
Batting: LHB Julio Canseco 0-0: Foul Ball, location: 2F
0-1: Fly out, F4 (Line Drive, 4, EV 70.0 MPH)
Bottom of the 6th over - 0 runs, 0 hits, 0 errors, 2 left on base; Quad Cities 2 - Lansing 2
TOP OF THE 7TH
Quad Cities River Bandits batting - Pitching for Lansing Lugnuts : RHP Danny Walker
Batting: RHB Sean Mounts 0-0: Ball
1-0: Ball
2-0: Ball
3-0: Called Strike
3-1: Ground out 5-3 (Groundball, 56, EV 80.0 MPH)
Batting: RHB Tim Persson 0-0: Ball
1-0: Called Strike
1-1: Foul Ball, location: 2F
1-2: Foul Ball, location: 2F
1-2: Strikes out swinging
Batting: LHB Fernando Gomez 0-0: Ground out 6-3 (Groundball, 6, EV 100.0 MPH)
Top of the 7th over - 0 runs, 0 hits, 0 errors, 0 left on base; Quad Cities 2 - Lansing 2
BOTTOM OF THE 7TH
Lansing Lugnuts batting - Pitching for Quad Cities River Bandits : RHP Gabe Torres
Batting: RHB Luis Gomez 0-0: Ball
1-0: Foul Ball, location: 2F
1-1: SINGLE (Groundball, 6MD, EV 100.6 MPH)
Batting: LHB Frank Nelson 0-0: Ball
1-0: Swinging Strike
1-1: Ball
2-1: SINGLE (Groundball, 4D, EV 97.5 MPH)
Luis Gomez to second
Runner from 2nd tries for 3rd, SAFE, throw by RF made to third
Pitching: RHP Carlos Zavala
Batting: RHB John Michener 0-0: Foul Ball, location: 2F
0-1: Ball
1-1: Ball
2-1: Ball
3-1: Called Strike
3-2: Base on Balls
Frank Nelson to second
Batting: SHB Gregg Whitecotton 0-0: Foul Ball, location: 2F
0-1: Called Strike
0-2: Foul Ball, location: 2F
0-2: GRAND SLAM HOME RUN (Flyball, 89XD, EV 97.5 MPH), Distance : 388 ft
Batting: RHB John Hering 0-0: Called Strike
0-1: Ball
1-1: Ball
2-1: Foul Ball, location: 2F
2-2: Foul Ball, location: 2F
2-2: Foul Ball, location: 2F
2-2: Ball
3-2: Base on Balls
Batting: RHB Jamie Ogilvie 0-0: Ball
1-0: Bunt missed!
1-1: Ball
2-1: Ball
3-1: Bunted foul
3-2: Base on Balls
John Hering to second
Batting: RHB Dylan Phillips 0-0: Bunted foul
0-1: Bunt missed!
0-2: Strikes out swinging
Batting: RHB Shunsuke Shiba Inu 0-0: Grounds into double play, 5-4-3 (Groundball, 5, EV 108.8 MPH)
Bottom of the 7th over - 4 runs, 3 hits, 0 errors, 1 left on base; Quad Cities 2 - Lansing 6
TOP OF THE 8TH
Quad Cities River Bandits batting - Pitching for Lansing Lugnuts : RHP Danny Walker
Now in CF: Jose Ontiveros
Now in RF: Julio Canseco
Batting: RHB Reginald McDougall 0-0: Called Strike
0-1: Ball
1-1: Ball
2-1: Called Strike
2-2: Foul Ball, location: 2F
2-2: Foul Ball, location: 2F
2-2: Ground out 4-3 (Groundball, 4MD, EV 100.0 MPH)
Pitching: RHP Bill Couch
Batting: LHB Glenn Lowther 0-0: Foul Ball, location: 2F
0-1: Foul Ball, location: 2F
0-2: Ball
1-2: Foul Ball, location: 2F
1-2: Foul Ball, location: 2F
1-2: Ground out 6-3 (Groundball, 6S, EV 65.6 MPH)
Batting: RHB Ben Sutton 0-0: Ball
1-0: Swinging Strike
1-1: Ball
2-1: Ground out 4-3 (Groundball, 4, EV 89.4 MPH)
Top of the 8th over - 0 runs, 0 hits, 0 errors, 0 left on base; Quad Cities 2 - Lansing 6
BOTTOM OF THE 8TH
Lansing Lugnuts batting - Pitching for Quad Cities River Bandits : RHP Carlos Zavala
Batting: LHB Julio Canseco 0-0: Foul Ball, location: 2F
0-1: Ball
1-1: Swinging Strike
1-2: Ball
2-2: Ball
3-2: SINGLE (Line Drive, 89S, EV 97.5 MPH)
Batting: RHB Luis Gomez 0-0: SINGLE (Flyball, 3D, EV 100.0 MPH)
Julio Canseco to second
Batting: RHB Jose Ontiveros 0-0: Ball
1-0: Ball
2-0: Ball
3-0: Base on Balls
Julio Canseco to third
Luis Gomez to second
Batting: RHB John Michener 0-0: Ball
1-0: Ball
2-0: Called Strike
2-1: Called Strike
2-2: Ball
3-2: Base on Balls
Julio Canseco scores
Luis Gomez to third
Jose Ontiveros to second
Batting: SHB Gregg Whitecotton 0-0: Foul Ball, location: 2F
0-1: Foul Ball, location: 2F
0-2: Ball
1-2: Foul Ball, location: 2F
1-2: Ball
2-2: SINGLE (Groundball, 34D, EV 103.8 MPH)
Luis Gomez scores
Jose Ontiveros to third
John Michener to second
Runner from 3rd tries for Home, SAFE, throw by RF to home
Batting: RHB John Hering 0-0: Called Strike
John Michener steals 3rd base (no throw)
0-1: Ball
1-1: Swinging Strike
1-2: SINGLE (Groundball, 34D, EV 96.9 MPH)
John Michener scores
Gregg Whitecotton to second
Runner from 2nd tries for 3rd, SAFE, throw by RF made to third
Batting: RHB Jamie Ogilvie 0-0: Ball
John Hering steals 2nd base
1-0: Ball
2-0: Ball
3-0: Called Strike
3-1: Hit by Pitch
Batting: RHB Dylan Phillips 0-0: Swinging Strike
0-1: Called Strike
0-2: Ball
1-2: Ball
2-2: Ball
3-2: Foul Ball, location: 2F
3-2: Base on Balls
Gregg Whitecotton scores
John Hering to third
Jamie Ogilvie to second
Pitching: RHP Ray Strehler
Batting: RHB Shunsuke Shiba Inu 0-0: SINGLE (Groundball, 6MD, EV 96.9 MPH)
John Hering scores
Jamie Ogilvie to third
Dylan Phillips to second
Batting: LHB Julio Canseco 0-0: Ball
1-0: Fly out, F2 (Popup, 2RF, EV 95.0 MPH)
Batting: RHB Luis Gomez 0-0: Ball
1-0: Swinging Strike
1-1: Ball
2-1: Ball
3-1: Base on Balls
Jamie Ogilvie scores
Dylan Phillips to third
Shunsuke Shiba Inu to second
Batting: RHB Jose Ontiveros 0-0: Fielders Choice at 2nd, 6-4 (Groundball, 6S, EV 83.1 MPH)
Dylan Phillips scores
Shunsuke Shiba Inu to third
Batting: RHB John Michener 0-0: Called Strike
0-1: Called Strike
0-2: Foul Ball, location: 2F
0-2: Fielders Choice at 2nd, 6-4 (Groundball, 6, EV 86.2 MPH)
Bottom of the 8th over - 8 runs, 5 hits, 0 errors, 2 left on base; Quad Cities 2 - Lansing 14
TOP OF THE 9TH
Quad Cities River Bandits batting - Pitching for Lansing Lugnuts : RHP Bill Couch
Batting: RHB Andrew Pride 0-0: Ball
1-0: Ball
2-0: Called Strike
2-1: Ball
3-1: Base on Balls
Batting: RHB Erik Smith 0-0: Ball
Pickoff Throw by Catcher to First - Out!
1-0: Ball
2-0: Ball
3-0: Called Strike
3-1: Base on Balls
Batting: LHB Kelvin Jones 0-0: Ball
1-0: Fielders Choice at 2nd, 3-6 (Groundball, 34S, EV 81.2 MPH)
Batting: RHB Sean Mounts 0-0: Ball
1-0: Ground out U3 (Groundball, 3, EV 80.6 MPH)
Top of the 9th over - 0 runs, 0 hits, 0 errors, 1 left on base; Quad Cities 2 - Lansing 14
Tuesday, March 28th , 2023 - OOTP Baseball 23.10 Build 110